[Event "MPL National Senior Chess-ch 2022"]
[Site "Kanpur"]
[Date "2022.02.25"]
[Round "2.10"]
[White "Lalith Babu M R"]
[Black "Bharat Kumar Reddy Poluri"]
[Result "1-0"]
[ECO "E05"]
[WhiteElo "2563"]
[BlackElo "2263"]
[Annotator "ChessBase"]
[PlyCount "129"]
[EventDate "2022.02.25"]
[EventCountry "IND"]
[SourceTitle "playchess.com"]
[Source "ChessBase"]
[SourceQuality "1"]
[TimeControl "5400+30"]

1. d4 e6 2. c4 Nf6 3. Nf3 d5 4. g3 Be7 5. Bg2 O-O 6. O-O dxc4 7. Qc2 a6 8. a4 Bd7 9. Qxc4 Bc6 10. Bg5 Nbd7 11. Nc3 h6 12. Bxf6 Nxf6 13. a5 Bd5 14. Qd3 Bxf3 15. Bxf3 c6 16. Qc4 Qd6 17. e3 e5 18. d5 cxd5 19. Nxd5 Nxd5 20. Bxd5 Rab8 21. Rfd1 b5 22. axb6 Qxb6 23. Rxa6 Qxb2 24. Ra7 Qb4 25. Qc7 Bc5 26. Bxf7+ Kh8 27. Ra6 Rb6 28. Rxb6 Qxb6 29. Qxb6 Bxb6 30. Rd7 Bd8 31. h4 g5 32. h5 Bf6 33. Kf1 Rd8 34. Rb7 Rd2 35. Ke1 Rc2 36. Bg6 Ra2 37. Bb1 Ra1 38. Ke2 Kg8 39. Kf3 Ra4 40. Bc2 Ra8 41. Bb3+ Kh8 42. Ke4 Rf8 43. Bf7 Kg7 44. Bd5+ Kh8 45. g4 Bg7 46. Bf7 Kh7 47. Kf5 Rd8 48. Ke6 Rf8 49. Ke7 Kh8 50. Be6 Kh7 51. Ra7 Kh8 52. Bd5 Kh7 53. Ra8 Rxa8 54. Bxa8 Kg8 55. Bd5+ Kh8 56. Kf7 Kh7 57. Be4+ Kh8 58. Bc2 e4 59. Bxe4 Bc3 60. Bf5 Be1 61. e4 Bc3 62. Kg6 Bg7 63. Be6 Bf8 64. Bc4 Bg7 65. f3 1-0

[Event "MPL National Senior Chess-ch 2022"]
[Site "Kanpur"]
[Date "2022.03.02"]
[Round "10.12"]
[White "Harsha Bharathakoti"]
[Black "Harshavardhan G B"]
[Result "1-0"]
[ECO "C48"]
[WhiteElo "2499"]
[BlackElo "2402"]
[Annotator "RC"]
[PlyCount "202"]
[EventDate "2022.02.25"]
[EventCountry "IND"]
[SourceTitle "playchess.com"]
[Source "ChessBase"]
[SourceQuality "1"]
[TimeControl "5400+30"]

1. e4 e5 2. Nf3 Nc6 3. Nc3 Nf6 4. Bb5 Bd6 5. d3 h6 6. a3 a6 7. Ba4 Bc5 8. Bxc6 dxc6 9. h3 Qe7 10. Qe2 Bd6 11. Be3 c5 12. Nd2 Be6 13. a4 a5 14. Nc4 b6 15. Nxd6+ cxd6 16. f4 exf4 17. Bxf4 Nd7 18. Nb5 Ne5 19. Qh5 g5 20. Bxe5 dxe5 21. b3 O-O-O 22. O-O-O g4 23. Qxe5 gxh3 24. gxh3 Qg5+ 25. Qxg5 hxg5 26. Rdg1 Rh5 27. Rh2 Rdh8 28. Rhg2 f6 29. e5 Bxh3 30. Rg3 fxe5 31. Rxg5 Rxg5 32. Rxg5 Bd7 33. Na3 Rh7 34. Rxe5 Kc7 35. Nc4 Rh1+ 36. Kb2 Rh7 37. Kc3 Rg7 38. Rh5 Bc6 39. Ne5 Bb7 40. Kc4 Ba6+ 41. Kc3 Re7 42. Rf5 Bc8 43. Rg5 Bb7 44. Nc4 Bc6 45. Rg6 Rh7 46. Ne5 Bd5 47. Rf6 Rg7 48. Ng6 Rd7 49. Nf4 Kb7 50. Nxd5 Rxd5 51. Rf4 Rd6 52. Kc4 Kc6 53. c3 Rh6 54. Re4 Rg6 55. d4 cxd4 56. cxd4 Rg3 57. Re6+ Kc7 58. Re7+ Kc6 59. Re6+ Kc7 60. Rf6 Rg5 61. Rh6 Rf5 62. d5 Rf3 63. Rh7+ Kd6 64. Rh6+ Kc7 65. Rc6+ Kb7 66. Re6 Kc7 67. Re4 Kd6 68. Re6+ Kc7 69. Rc6+ Kb7 70. Kd4 Rxb3 71. Rc3 Rb4+ 72. Rc4 Rb1 73. d6 Rh1 74. Rc7+ Kb8 75. Rg7 Kc8 76. Kd5 Rh4 77. Rc7+ Kd8 78. Rc4 Rh1 79. Kc6 Rb1 80. Rg4 Rc1+ 81. Kxb6 Rd1 82. Kc5 Rc1+ 83. Rc4 Rb1 84. Kc6 Ra1 85. Rd4 Rc1+ 86. Kb6 Kd7 87. Kxa5 Rb1 88. Ka6 Rb8 89. Ka7 Rb1 90. Rd5 Rb4 91. a5 Rb1 92. Ka6 Rb2 93. Rb5 Ra2 94. Kb7 Rh2 95. a6 Kxd6 96. a7 Rh7+ 97. Ka6 Rh8 98. Rb8 Rh1 99. a8=Q Ra1+ 100. Kb7 Rxa8 101. Rxa8 Kd5 1-0